 Dungeon Crawl Stone Soup version 0.21-a0-525-ga34b322 (webtiles) character file.

42 lemonriz the Poker (level 3, -2/27 HPs)
             Began as a Merfolk Skald on Dec 7, 2017.
             Splashed by a jelly's acid (3 damage)
             ... on level 2 of the Dungeon.
             The game lasted 00:02:24 (914 turns).

lemonriz the Poker (Merfolk Skald)                   Turns: 914, Time: 00:02:25

Health: -2/27      AC: -3    Str: 11    XL:     3   Next: 56%
Magic:  6/6        EV: 12    Int: 13    God:
Gold:   48         SH:  0    Dex: 13    Spells: 2/7 levels left

rFire    . . .     SeeInvis .   a - +0 spear
rCold    . . .     Gourm    +   (no shield)
rNeg     . . .     Faith    .   b - +0 leather armour
rPois    .         Spirit   .   o - +0 helmet
rElec    .         Reflect  .   (no cloak)
rCorr    .         Harm     .   (no gloves)
MR       .....                  (no boots)
Stlth    +.........             s - amulet of the gourmand
HPRegen  0.09/turn              (no ring)
MPRegen  0.10/turn              (no ring)

@: corroded
A: change form in water, swift swim, stealthy swim
a: no special abilities


You were on level 2 of the Dungeon.
You were not hungry.

You visited 1 branch of the dungeon, and saw 2 of its levels.

You collected 48 gold pieces.

Inventory:

Hand Weapons
 a - a +0 spear (weapon)
Armour
 b - a +0 leather armour (worn)
 o - a +0 helmet (worn)
Jewellery
 s - an amulet of the gourmand (around neck)
Scrolls
 e - 5 scrolls of identify {unknown}
 i - a scroll of amnesia {unknown}
 j - 3 scrolls of noise {unknown}
 q - a scroll of blinking {unknown}
Potions
 h - 2 potions of heal wounds {unknown}
 k - a potion of curing {unknown}
 l - a potion of magic {unknown}
 m - 3 potions of flight {unknown}
 n - a potion of haste {unknown}
 p - a potion of invisibility {unknown}
Books
 c - a book of Battle

   Spells                             Type                      Level
   a - Infusion                       Charms                       1
   b - Shroud of Golubria             Charms/Translocation         2
   c - Song of Slaying                Charms                       2
   d - Spectral Weapon                Hexes/Charms                 3
   e - Regeneration                   Charms/Necromancy            3
Comestibles
 d - 2 bread rations
 f - 7 chunks of flesh
 g - 3 meat rations
 r - 3 fruits


   Skills:
 - Level 2.1 Fighting
 + Level 3.8 Polearms
 - Level 1.0 Armour
 - Level 3.0 Dodging
 + Level 2.5 Spellcasting
 + Level 3.8 Charms


You had 2 spell levels left.
You knew the following spells:

 Your Spells              Type           Power        Failure   Level  Hunger
a - Infusion              Chrm           ##..         7%          1    #......
b - Song of Slaying       Chrm           ##......     10%         2    ###....
c - Shroud of Golubria    Chrm/Tloc      #.........   22%         2    ###....


Dungeon Overview and Level Annotations

Branches:
Dungeon (2/15)

Altars:
Xom


Message History

g - 3 meat rations (gained 1) As you open the door, it creaks loudly!
A jelly comes into view.
The jelly quivers.
The jelly hits you but does no damage.
You hit the jelly but do no damage.
Your hands burn!
You hit the jelly.
Your hands burn!
The jelly is moderately wounded.
The jelly hits you but does no damage.
You hit the jelly. The acid corrodes you!
Your hands burn!
The jelly is heavily wounded.
The jelly hits you.
You are splashed with acid!
The acid burns!
You hit the jelly.
Your hands burn!
The jelly is severely wounded.
The jelly hits you.
* * * LOW HITPOINT WARNING * * *
The acid corrodes you!
You are splashed with acid!
The acid burns!
* * * LOW HITPOINT WARNING * * *
You hit the jelly.
Your hands burn!
You die...

### ############..#
#..........#..#
#.............####
#.)@.......#.....###
#.#J##+##+##.......# #.#.#
J##.....#>#
####.#+##+##+##.....#.#
####....#.......#.....(#..
........#..._...##.....##.
####....##.....# ####.###.
##.....###### #..##.
#..........########.(...


You could see a jelly.

Vanquished Creatures
  A worm (D:2)
  A dart slug (D:1)
  2 leopard geckos (D:1)
  5 bats
  2 giant cockroaches
  3 goblins
  2 hobgoblins
  6 jackals
  4 frilled lizards
  5 kobolds
  2 rats
33 creatures vanquished.

Notes
Turn   | Place    | Note
-------+----------+-------------------------------------------
     0 | D:1      | lemonriz the Merfolk Skald began the quest for the Orb.
     0 | D:1      | Reached XP level 1. HP: 16/16 MP: 3/3
   129 | D:1      | Reached XP level 2. HP: 18/22 MP: 5/5
   144 | D:1      | Learned a level 2 spell: Song of Slaying
   147 | D:1      | Learned a level 2 spell: Shroud of Golubria
   464 | D:1      | Reached skill level 1 in Armour
   694 | D:2      | Reached XP level 3. HP: 25/27 MP: 6/6
   847 | D:2      | Found a shimmering altar of Xom.
   913 | D:2      | HP: 1/27 [acid (6)]
   914 | D:2      | Splashed by a jelly's acid

Vault maps used:
D:1:      matt_arrival_diagonals, minmay_pentomino_u2
D:2:      dk_xom_monty_hall

Skill      XL: |  1  2 |
---------------+-------+-----
Dodging        | 3 |  3.0
Armour         | 1 |  1.0
Fighting       | |  2.1
Polearms       | |  3.8
Spellcasting   | |  2.5
Charms         | |  3.8

Action                   || total
-------------------------++-------
Melee: Spear             ||   117
 Cast: Song of Slaying   ||     2
       Infusion          ||     1
 Stab: Sleeping          ||     1
Armor: Leather armour    ||    27
Dodge: Dodged            ||    61

Table legend:
 A = Spawn XP
 B = Non-spawn XP
 C = Spawn XP percentage of total XP
 D = Spawn monster count
 E = Non-spawn monster count
 F = Spawn count percentage of total count
 G = Total turns spent on level
                    A         B        C        D         E        F      G
               +---------+---------+-------+---------+---------+-------+---------
         Total |       0 |      61 |   0.0 |       0 |      33 |   0.0 |   914
               +---------+---------+-------+---------+---------+-------+---------
           D:1 |       0 |      28 |   0.0 |       0 |      15 |   0.0 |   644
           D:2 |       0 |      33 |   0.0 |       0 |      18 |   0.0 |   270
               +---------+---------+-------+---------+---------+-------+---------
